AoeStats
← 优势在我

Hideout

502917455Analyzed
4v4 RM · 3mo ago on Aug 29, 2026· 52m 46s· 8 players
Game mode
Random Map
Map size
Large (8 player)
Population
200
Speed
Normal
Resources
Standard
Victory
Conquest
Starting age
Dark Age
Ending age
Imperial Age
RankedLock teamsTeams togetherTeam positionsShared explorationLock speedFull tech treeHidden civsTurbo modeCheats
Victory
Defeat
🇨🇳 Vietnamese · China
1142
+17
🇨🇳 Romans · China
1125
+18
🇨🇮 Hindustanis · Côte d’Ivoire
1122
+18
1106
+19
vs
🇨🇳 Burgundians · China
1268
-22
🇨🇳 Magyars · China
1230
-21
🇨🇳 Britons · China
1230
-21
🇨🇳 Huns · China
965
-9
taileibuxiang108
6:24 Loom
9:04 Feudal Age
9:19 Man-at-Arms
10:37 Double-Bit Axe
12:37 Horse Collar
20:47 Castle Age
20:08 Wheelbarrow
20:30 Gold Mining
21:26 Scale Mail Armor
21:59 Bow Saw
22:44 Heavy Plow
22:27 Pikeman
23:25 Long Swordsman
27:40 Squires
27:51 Loom
27:52 Town Watch
33:43 Hand Cart
36:34 Imperial Age
35:01 Ballistics
35:09 Chain Mail Armor
35:04 Forging
38:00 Conscription
37:03 Heavy Scorpion
38:32 Gold Shaft Mining
37:47 Stone Mining
38:58 Ballistas
42:11 Legionary
43:39 Siege Engineers
44:26 Iron Casting
45:43 Chemistry
45:05 Capped Ram
46:59 Halberdier
47:29 Siege Ram
49:04 Coinage
48:45 Guilds
优势在我
10:47 Feudal Age
15:55 Castle Age
14:51 Double-Bit Axe
15:38 Horse Collar
15:59 Loom
26:08 Wheelbarrow
26:01 Fletching
26:57 Heavy Plow
27:26 Gold Mining
27:26 Stone Mining
29:20 Bow Saw
30:10 Stone Shaft Mining
30:46 Crossbowman
31:32 Thumb Ring
35:13 Imperial Age
32:14 Elite Skirmisher
33:13 Padded Archer Armor
33:52 Hand Cart
34:28 Bodkin Arrow
36:01 Bracer
37:03 Chemistry
36:24 Ballistics
35:26 Arbalester
37:18 Paper Money
37:30 Imperial Skirmisher
39:01 Leather Archer Armor
43:27 Ring Archer Armor
45:11 Fortified Wall
DAO HAO DOG HAVE DEAD FAMILY
10:59 Feudal Age
15:04 Castle Age
13:20 Double-Bit Axe
13:21 Horse Collar
15:29 Loom
15:35 Loom
15:47 Fletching
19:01 Bodkin Arrow
26:15 Devotion
29:18 Bloodlines
29:09 Husbandry
30:16 Tusk Swords
31:13 Gold Mining
35:00 Imperial Age
33:52 Bow Saw
34:47 Heavy Plow
35:26 Wheelbarrow
36:25 Bracer
36:32 Scale Barding Armor
36:38 Forging
37:10 Conscription
38:24 Elite Battle Elephant
40:03 Gold Shaft Mining
39:01 Light Cavalry
41:01 Chain Barding Armor
43:52 Crop Rotation
45:30 Plate Barding Armor
45:32 Iron Casting
45:14 Hand Cart
45:49 Hussar
46:22 Town Watch
50:01 Faith
49:53 Tusk Swords
50:14 Conscription
53:07 Hoardings
Kaiser Klein
11:30 Feudal Age
10:38 Loom
15:37 Castle Age
15:13 Double-Bit Axe
15:12 Horse Collar
28:05 Stone Mining
28:10 Gold Mining
29:16 Wheelbarrow
28:27 Town Watch
28:32 Pikeman
29:52 Bow Saw
29:53 Squires
35:19 Imperial Age
33:39 Hand Cart
33:10 Town Watch
33:36 Heavy Plow
34:51 Stone Shaft Mining
34:51 Gold Shaft Mining
33:49 Elite Skirmisher
35:24 Ballistics
35:17 Fortified Wall
35:17 Masonry
35:06 Murder Holes
36:27 Conscription
36:45 Hoardings
36:56 Town Patrol
37:41 Elite Ghulam
37:52 Heavy Camel Rider
38:54 Husbandry
39:05 Bloodlines
39:24 Imperial Camel Rider
40:41 Scale Barding Armor
41:40 Shatagni
44:07 Chain Barding Armor
43:57 Forging
45:09 Chemistry
44:15 Siege Engineers
47:49 Two-Man Saw
48:39 Iron Casting
47:55 Fletching
48:41 Plate Barding Armor
48:06 Padded Archer Armor
54:10 Blast Furnace
ARM-Dahua
10:07 Feudal Age
13:03 Loom
16:07 Castle Age
15:38 Fletching
24:57 Horse Collar
27:04 Scale Barding Armor
27:39 Double-Bit Axe
33:19 Bow Saw
36:07 Imperial Age
34:20 Heavy Plow
36:38 Cavalier
37:19 Husbandry
37:29 Bloodlines
38:41 Chain Barding Armor
39:54 Wheelbarrow
小笼包的诺姆
10:36 Feudal Age
12:09 Loom
14:58 Castle Age
14:48 Double-Bit Axe
14:50 Horse Collar
16:52 Bow Saw
21:14 Gold Mining
21:37 Fletching
26:08 Wheelbarrow
25:36 Heavy Plow
25:49 Thumb Ring
26:55 Ballistics
30:10 Imperial Age
28:50 Gold Shaft Mining
28:33 Hand Cart
28:53 Bodkin Arrow
29:11 Padded Archer Armor
29:49 Thumb Ring
30:22 Heavy Cavalry Archer
31:24 Bloodlines
31:15 Husbandry
31:54 Ballistics
31:04 Capped Ram
32:16 Parthian Tactics
32:55 Bracer
33:25 Siege Ram
36:38 Leather Archer Armor
YUZ
10:25 Feudal Age
14:08 Castle Age
12:48 Double-Bit Axe
14:27 Gold Mining
20:49 Crossbowman
26:41 Horse Collar
33:44 Imperial Age
32:17 Gold Shaft Mining
31:57 Bow Saw
31:49 Heavy Plow
31:56 Fletching
32:07 Padded Archer Armor
32:53 Wheelbarrow
33:19 Bodkin Arrow
35:00 Arbalester
36:41 Ballistics
39:36 Yeomen
39:17 Warwolf
39:42 Conscription
40:26 Bracer
40:42 Leather Archer Armor
41:42 Chemistry
渡鸦family
5:19 Double-Bit Axe
11:48 Feudal Age
11:09 Horse Collar
12:56 Bow Saw
16:58 Castle Age
15:44 Gold Mining
15:56 Heavy Plow
17:38 Loom
18:41 Scale Barding Armor
18:50 Cavalier
22:41 Wheelbarrow
21:51 Town Watch
22:15 Husbandry
25:56 Gold Shaft Mining
30:33 Imperial Age
28:47 Forging
28:55 Hand Cart
31:21 Iron Casting
32:17 Chemistry
31:31 Paladin
33:04 Chain Barding Armor
35:01 Plate Barding Armor
37:58 Blast Furnace
36:41 Light Cavalry
39:02 Hussar
40:26 Scale Mail Armor
43:18 Chain Mail Armor
42:51 Treadmill Crane
Connection lost

Rejoining the realm…

Still unreachable

The connection could not be restored.

Session expired

The server has moved on; the page needs a fresh start.